Map: Nightshade LE

Players

Armani

  • Race: Zerg Zerg
  • League: Grandmaster
  • Spawn Location: 11:00

Hurricane - Winner!

  • Race: Protoss Protoss
  • League: Master
  • Spawn Location: 5:00

VOD

Have the link to the VOD?

Description

Time

  • Played on: Jan. 16, 2020, 4:53 a.m.
  • Length: 11:48
Show
View Real Time Build Order
Export as new Build Order

Armani Zerg 

Build Orders: Hatch First 

Get SALT Encoding   

  12  0:01  Drone  
  13  0:13  Overlord  
  13  0:17  Drone  
  14  0:32  Drone  
  14  0:33  Drone  
  16  0:49  Hatchery  
  15  0:52  Drone  
  15  0:55  Drone  
  17  0:58  Drone  
  18  1:10  Extractor  
  17  1:13  Spawning Pool  
  17  1:17  Drone  
  17  1:19  Drone  
  18  1:29  Drone  
  20  1:40  Drone  
  20  1:51  Hatchery  
  20  1:52  Drone  
  20  2:01  Queen  
  22  2:03  Drone  
  22  2:08  Drone  
  24  2:16  Queen  
  24  2:21  Overlord  
  26  2:26  Zergling x4  
  28  2:31  Metabolic Boost  
  28  2:41  Zergling x4  
  28  2:42  Zergling x2  
  28  2:44  Drone  
  32  2:49  Overlord  
  32  2:54  Queen  
  32  2:57  Drone  
  35  3:01  Overlord  
  35  3:04  Drone  
  35  3:08  Drone  
  35  3:10  Drone  
  36  3:15  Drone  
  36  3:18  Drone x2  
  39  3:28  Spore Crawler  
  39  3:29  Drone  
  39  3:30  Spore Crawler  
  39  3:33  Drone x2  
  40  3:35  Drone  
  40  3:38  Drone  
  40  3:39  Drone  
  43  3:45  Queen  
  45  3:49  Drone  
  45  3:51  Drone  
  45  3:53  Drone  
  45  3:54  Drone  
  49  3:58  Overlord  
  49  3:59  Drone  
  50  4:03  Drone, Evolution Chamber  
  50  4:07  Overlord  
  50  4:12  Spore Crawler  
  50  4:15  Queen  
  50  4:16  Drone  
  52  4:18  Drone  
  52  4:20  Drone  
  52  4:21  Drone  
  53  4:25  Drone  
  53  4:30  Zerg Melee Weapons Level 1  
  53  4:31  Drone x4  
  56  4:36  Zergling x2  
  56  4:37  Zergling x6  
  60  4:40  Drone x2  
  60  4:43  Drone  
  60  4:44  Drone  
  62  4:50  Drone  
  63  4:53  Drone  
  63  4:55  Drone  
  63  4:59  Roach Warren, Overlord  
  64  5:01  Overlord  
  64  5:03  Drone  
  65  5:09  Lair  
  65  5:18  Drone  
  65  5:19  Extractor, Drone x6  
  65  5:20  Extractor  
  69  5:25  Drone x3  
  69  5:26  Drone  
  73  5:29  Drone x2  
  73  5:30  Overlord  
  73  5:31  Overlord  
  73  5:32  Drone  
  76  5:36  Extractor, Drone x3  
  76  5:38  Drone  
  76  5:39  Extractor  
  76  5:40  Drone  
  76  5:41  Drone  
  80  5:49  Hatchery  
  79  5:52  Drone x2  
  81  5:58  Zergling x6  
  81  5:59  Overlord  
  81  6:00  Extractor  
  81  6:03  Roach  
  81  6:04  Roach x5  
  94  6:07  Glial Reconstitution  
  94  6:09  Roach  
  96  6:14  Zergling x2  
  96  6:15  Zergling x2  
  96  6:16  Overseer  
  98  6:19  Zergling x2  
  98  6:20  Zergling x4  
  101  6:25  Zerg Melee Weapons Level 2  
  101  6:28  Drone  
  101  6:30  Baneling Nest  
  101  6:31  Zergling x8  
  105  6:34  Ravager  
  105  6:36  Overlord  
  105  6:43  Zergling x2  
  105  6:44  Zergling x6  
  105  6:45  Overlord  
  103  6:49  Zergling x2  
  103  6:50  Zergling x4  
  98  6:58  Roach  
  98  6:59  Roach x2  
  99  7:04  Hatchery  
  99  7:08  Queen  
  97  7:09  Roach x3  
  97  7:12  Queen  
  104  7:18  Roach  
  104  7:19  Roach  
  105  7:22  Overlord  
  105  7:23  Overlord  
  105  7:25  Centrifical Hooks  
  105  7:26  Overlord  
  105  7:31  Drone, Overlord  
  105  7:32  Hatchery  
  105  7:33  Drone  
  105  7:37  Pneumatized Carapace  
  105  7:38  Overlord x2  
  105  7:42  Roach  
  105  7:44  Ravager x7  
  114  7:45  Roach  
  114  7:50  Overseer  
  116  7:53  Roach x2  
  116  7:55  Roach  
  122  8:00  Drone  
  122  8:04  Zergling x2  
  124  8:11  Zergling x4  
  126  8:14  Zergling x14  
  126  8:18  Queen  
  126  8:19  Zergling x4  
  137  8:25  Baneling x2  
  137  8:26  Zergling x6  
  140  8:32  Drone  
  141  8:41  Baneling x13  
  137  8:43  Zergling x14  
  141  8:53  Zergling x6  
  143  8:58  Overlord  
  143  9:00  Overlord  
  143  9:01  Baneling x20  
  143  9:04  Hatchery, Overlord  
  118  9:25  Zergling x2  
  118  9:26  Zergling x28  
  126  9:33  Roach  
  126  9:34  Roach x4  
  126  9:35  Ravager  
  126  9:36  Ravager x2  
  126  9:38  Zergling x6  
  142  9:39  Zergling x2  
  143  9:47  Zergling x2  
  144  9:54  Zerg Ground Armor Level 1  
  144  9:56  Zergling x8  
  144  9:59  Baneling x4  
  148  10:01  Baneling x4  
  148  10:05  Drone x3, Queen  
  151  10:08  Drone x2  
  151  10:10  Zergling x8  
  154  10:19  Zergling x12  
  156  10:35  Zergling x6  
  156  10:36  Zergling x16  
  162  10:44  Zergling x20  
  170  10:52  Baneling x7  
  170  10:53  Zergling x2, Baneling x5  
  170  10:54  Zergling x2  
  170  10:56  Baneling x3  
  169  11:00  Overlord  
  169  11:03  Baneling  
  169  11:04  Baneling x6  
  169  11:12  Baneling x5  
  125  11:28  Zergling x8  
  125  11:29  Zergling x28  
Show
View Real Time Build Order
Export as new Build Order

Hurricane Protoss - Winner!

Build Orders: 1 Gate Expand, Oracle Opening, Archon Immortal 

Get SALT Encoding   

  12  0:00  Probe  
  13  0:12  Probe  
  14  0:19  Pylon  
  14  0:25  Probe (Chrono Boost)  
  15  0:38  Probe (Chrono Boost), Gateway  
  16  0:45  Probe (Chrono Boost)  
  16  0:46  Assimilator  
  17  0:52  Probe  
  18  1:04  Probe  
  19  1:16  Probe  
  20  1:25  Cybernetics Core  
  20  1:32  Nexus  
  20  1:38  Pylon  
  20  1:43  Assimilator  
  20  1:46  Probe  
  21  1:58  Probe  
  21  1:59  Adept (Chrono Boost)  
  24  2:10  Probe  
  25  2:19  Adept (Chrono Boost)  
  27  2:23  Probe  
  27  2:24  Stargate  
  28  2:32  Warp Gate  
  28  2:35  Probe  
  29  2:41  Stalker  
  31  2:44  Probe  
  31  2:47  Probe  
  33  2:56  Probe  
  34  2:59  Probe  
  35  3:07  Oracle (Chrono Boost)  
  35  3:09  Probe  
  39  3:14  Probe (Chrono Boost)  
  40  3:21  Probe (Chrono Boost)  
  40  3:22  Pylon  
  42  3:31  Probe x2 (Chrono Boost)  
  42  3:32  Gateway  
  43  3:36  Probe (Chrono Boost), Assimilator  
  43  3:37  Probe (Chrono Boost)  
  43  3:39  Assimilator  
  43  3:41  Oracle  
  48  3:47  Probe  
  49  3:50  Probe  
  50  3:59  Probe, Pylon  
  50  4:02  Probe  
  52  4:08  Robotics Facility  
  52  4:11  Probe  
  52  4:14  Probe  
  54  4:29  Probe  
  54  4:34  Probe  
  54  4:36  Forge, Twilight Council  
  55  4:42  Probe  
  56  4:47  Gateway, Sentry  
  56  4:48  Gateway, Sentry  
  56  4:52  Nexus  
  60  4:55  Pylon  
  60  4:57  Probe  
  61  5:00  Pylon  
  61  5:02  Observer (Chrono Boost)  
  62  5:12  Phoenix  
  62  5:13  Probe x2, Charge  
  64  5:19  Immortal (Chrono Boost)  
  64  5:20  Protoss Ground Weapons Level 1 (Chrono Boost)  
  64  5:25  Probe, Sentry  
  71  5:29  Probe  
  71  5:31  Sentry  
  71  5:35  Pylon  
  74  5:40  Probe  
  74  5:42  Probe  
  76  5:44  Templar Archives  
  76  5:46  Pylon  
  76  5:49  Warp Prism (Chrono Boost)  
  78  6:01  Gateway  
  78  6:03  Gateway  
  78  6:05  Probe x2  
  80  6:14  Zealot x3  
  80  6:15  Zealot  
  88  6:21  Probe x3  
  91  6:31  Immortal (Chrono Boost)  
  95  6:33  Probe x2  
  97  6:55  Probe x3  
  96  7:02  Gateway  
  96  7:04  Gateway  
  96  7:06  Immortal (Chrono Boost), Zealot x5  
  96  7:07  Probe, Zealot  
  100  7:24  Probe x2  
  100  7:25  Probe  
  100  7:27  Assimilator x2  
  100  7:28  Pylon  
  103  7:35  High Templar x6  
  103  7:36  Protoss Ground Weapons Level 2 (Chrono Boost)  
  109  7:38  Pylon  
  109  7:39  Archon x2  
  109  7:40  Pylon  
  109  7:42  Archon  
  109  7:46  Immortal (Chrono Boost)  
  109  7:47  Photon Cannon  
  109  7:50  Pylon  
  109  7:51  Photon Cannon  
  113  7:57  Pylon  
  113  7:58  Pylon  
  113  8:06  Zealot x2  
  113  8:07  High Templar x2, Zealot  
  113  8:08  Zealot x2  
  113  8:09  Zealot  
  113  8:12  Archon  
  127  8:36  Zealot x4  
  127  8:39  Stalker x2  
  127  8:41  Zealot x2  
  143  8:42  Immortal  
  143  8:52  Photon Cannon  
  147  8:56  High Templar  
  147  8:57  High Templar x3  
  147  9:00  Pylon x2  
  147  9:02  Archon x2  
  155  9:12  Nexus  
  145  9:22  Zealot x4  
  131  9:30  Zealot x2  
  131  9:31  Immortal (Chrono Boost), Zealot x2  
  127  9:40  Probe  
  127  9:41  Probe x2  
  127  9:42  Pylon  
  127  9:45  High Templar x3  
  132  9:46  High Templar  
  132  9:50  Archon  
  132  9:51  Archon  
  138  10:04  Zealot x4  
  138  10:06  Immortal (Chrono Boost)  
  150  10:18  Photon Cannon  
  150  10:21  Probe x2, Photon Cannon  
  151  10:23  Shield Battery  
  151  10:24  Gateway x2  
  151  10:25  Probe  
  153  10:32  Probe  
  153  10:33  Probe, High Templar  
  153  10:34  High Templar x3, Assimilator  
  153  10:35  Assimilator  
  163  10:38  Archon  
  163  10:39  Archon  
  148  10:57  High Templar x2  
  148  11:01  Archon, Photon Cannon  
  148  11:02  Pylon, Zealot x2  
  148  11:04  Shield Battery  
  156  11:08  Zealot x4  
  158  11:22  Zealot x2  
  158  11:23  Zealot x2  
  136  11:30  Zealot x6  
  115  11:44  Zealot x4  
Tags
 
Add a new tag
Caveats
  • Supply blocks, unpowered buildings, or Contaminate may cause inaccurate times.
  • Supply counts are checked every 10 seconds.